 Dungeon Crawl Stone Soup version 0.23.2-40-g277498a001 (webtiles) character file.

Game seed: 7059378111348036713

749 MalarOregon the Ruffian (level 7, 0/67 HPs)
             Began as a Troll Fighter on Aug 15, 2019.
             Slain by an orc
             ... wielding a +0 club
              (8 damage)
             ... on level 4 of the Dungeon.
             The game lasted 00:04:27 (2794 turns).

MalarOregon the Ruffian (Troll Fighter)             Turns: 2794, Time: 00:04:28

Health: 0/67       AC:  6    Str: 27    XL:     7   Next: 48%
Magic:  6/6        EV:  9    Int:  4    God:
Gold:   200        SH:  9    Dex:  9    Spells: 6/6 levels left

rFire    . . .     SeeInvis .     - Unarmed
rCold    . . .     Gourm    +   b - +0 shield
rNeg     . . .     Faith    .   a - +0 robe
rPois    .         Spirit   .   (helmet restricted)
rElec    .         Reflect  .   (no cloak)
rCorr    .         Harm     .   (gloves unavailable)
MR       .....                  (boots unavailable)
Stlth    +.........             (no amulet)
HPRegen  0.61/turn              (no ring)
MPRegen  0.10/turn              (no ring)

@: no status effects
A: large, unfitting armour, claws 3, fast metabolism 3, gourmand, regeneration
1, shaggy fur 1, tough skin 3
a: no special abilities


You were on level 4 of the Dungeon.
You were very full.

You visited 1 branch of the dungeon, and saw 4 of its levels.

You collected 200 gold pieces.

Inventory:

Missiles
 d - 183 stones
 h - 5 tomahawks (quivered)
Armour
 a - a +0 robe (worn)
 b - a +0 shield (worn)
Jewellery
 g - a +3 amulet of reflection {unknown}
   (You found it on level 1 of the Dungeon)
 o - an uncursed amulet of the acrobat {unknown}
   (You found it on level 3 of the Dungeon)
 p - a cursed amulet of inaccuracy {unknown}
   (You found it on level 3 of the Dungeon)
 u - an uncursed ring of flight {unknown}
   (You found it on level 4 of the Dungeon)
Wands
 t - a wand of flame (6)
   (You took it off Natasha on level 2 of the Dungeon)
Scrolls
 f - a scroll of identify {@r1}
 i - a scroll of teleportation {@r4}
 s - 2 scrolls of remove curse {@r2}
Potions
 c - a potion of might
 j - a potion of haste {unknown}
 k - a potion of lignification {unknown}
 l - 2 potions of curing {@q1}
 m - a potion of heal wounds {unknown}
 n - a potion of mutation {unknown}
 q - 3 potions of degeneration {unknown}
 r - a potion of ambrosia {unknown}
Comestibles
 e - 11 rations {!d}
 v - 3 chunks of flesh


   Skills:
 + Level 3.4 Fighting
 * Level 3.6 Throwing
 + Level 2.0 Armour
 + Level 3.3 Dodging
 + Level 3.4 Shields
 * Level 4.6 Unarmed Combat


You had 6 spell levels left.
You didn't know any spells.
Your spell library contained the following spells:

 Spells                   Type           Power        Failure   Level  Hunger
 Beastly Appendage        Tmut           #.....       88%         1    ##.....
 Sticks to Snakes         Tmut           #.......     96%         2    ###....
 Spider Form              Tmut/Pois      #.........   99%         3    ####...
 Ice Form                 Ice/Tmut       #.......     100%        4    #####..
 Blade Hands              Tmut           #.........   100%        5    ######.


Dungeon Overview and Level Annotations

Branches:
Dungeon (4/15)
 Temple: D:4-7

Altars:


Innate Abilities, Weirdness & Mutations

You are too large for most types of armour.
You have claws for hands.
Your metabolism is lightning-fast.
You like to eat raw meat.
Your natural rate of healing is unusually fast.
You are covered in fur. (AC +1)
You have extremely tough skin. (AC +3)


Message History

Something hits you but does no damage.
You barely miss something. Something hits you but does no damage.
You hear some strange, mumbled words.
You are confused.
You bump into the rock wall.
Something hits you but does no damage.
You miss something. Something hits you but does no damage.
You scratch something but do no damage.
You hear some strange, mumbled words.
Something tries to affect you, but you resist.
Unknown command.
You're too confused to move!
Something hits you.
* * * LOW HITPOINT WARNING * * *
Unknown command.
You bump into the rock wall.
You hear some strange, mumbled words.
A puff of flame appears from out of thin air!
The puff of flame hits you!
* * * LOW HITPOINT WARNING * * *
You bump into the rock wall.
You feel less confused. Something hits you.
* * * LOW HITPOINT WARNING * * *
Your shield prevents you from hitting something.
Something hits you but does no damage.
You closely miss something.
You hear some strange, mumbled words.
A puff of flame appears from out of thin air!
You block the puff of flame.
Unknown command.
Your shield prevents you from hitting something.
You hear some strange, mumbled words.
A puff of flame appears from out of thin air!
The puff of flame hits you!
* * * LOW HITPOINT WARNING * * *
You mangle something!!
Reactivating autopickup.
You feel a bit more experienced.
Unknown command.
You scratch the orc. You block the orc's attack.
Unknown command.
You barely miss the orc. You block the orc's attack.
Unknown command.
You scratch the orc but do no damage. The orc hits you but does no damage.
Unknown command.
You scratch the orc but do no damage. The orc hits you with a +0 club!
You die...

#.### .$... ..#.... #...#
#..........#....# #...#
#...............# ###...#
#.... ..#..?....# .##...#
#.... #.#....... .##...#
#.... #.)....... .##.###
... #....# .##.#
#.###.>..# .##.#
#.@o)....# .##.#
######...# .##.# #...#
###.# ##########...####
#.#######.................
#......##.################
######.##.# ## #.##.# .#
#.##.#


You could see an orc.

Vanquished Creatures
  A hippogriff (D:4)
  A water moccasin skeleton (D:4)
  A howler monkey (D:4)
  2 hounds (D:4)
  2 orc priests (D:3)
  2 orc wizards (D:4)
  Natasha (thrice) (D:2)
  4 worker ants
  Robin (D:3)
  A howler monkey skeleton (D:4)
  4 adders (D:2)
  A worm (D:2)
  3 dart slugs
  2 leopard geckos
  4 orcs
  2 ball pythons (D:2)
  5 giant cockroaches
  15 goblins
  12 hobgoblins
  2 quokkas (D:4)
  5 bats
  6 frilled lizards
  7 kobolds
  5 rats
91 creatures vanquished.

Notes
Turn   | Place    | Note
-------+----------+-------------------------------------------
     0 | D:1      | MalarOregon the Troll Fighter began the quest for the Orb.
     0 | D:1      | Reached XP level 1. HP: 22/22 MP: 0/0
   104 | D:1      | Reached XP level 2. HP: 29/29 MP: 1/1
   784 | D:2      | Reached skill level 1 in Throwing
   835 | D:2      | Noticed Natasha
   839 | D:2      | Noticed a crimson imp
   845 | D:2      | Reached XP level 3. HP: 33/36 MP: 2/2
   855 | D:2      | Killed Natasha
   926 | D:2      | Reached XP level 4. HP: 39/44 MP: 3/3
   956 | D:2      | Noticed Natasha
  1097 | D:2      | Killed Natasha
  1097 | D:2      | Reached skill level 3 in Unarmed Combat
  1100 | D:2      | Noticed Natasha
  1101 | D:2      | HP: 2/44 [Natasha/wand of flame (7) (7)]
  1185 | D:2      | Killed Natasha
  1185 | D:2      | Reached XP level 5. HP: 52/52 MP: 4/4
  1238 | D:2      | Reached skill level 1 in Armour
  1540 | D:3      | Noticed Robin
  1555 | D:3      | Killed Robin
  1666 | D:3      | Reached XP level 6. HP: 48/61 MP: 5/5
  2573 | D:4      | Reached skill level 4 in Unarmed Combat
  2732 | D:4      | Noticed a hippogriff
  2737 | D:4      | Killed a hippogriff
  2737 | D:4      | Reached XP level 7. HP: 62/67 MP: 6/6
  2794 | D:4      | Slain by an orc

Skill      XL: |  1  2  3  4  5  6  7 |
---------------+----------------------+-----
Throwing       | 1 2 3 |  3.6
Unarmed Combat | 3 4 |  4.6
Armour         | 1 2 |  2.0
Fighting       | 3 |  3.4
Shields        | 3 |  3.4
Dodging        | 3 |  3.3

Action                   |  1- 3 |  4- 6 |  7- 9 || total
-------------------------+-------+-------+-------++-------
Melee: Unarmed           |    71 |   186 |    41 ||   298
Throw: Stone             |     3 |    15 |       ||    18
  Use: Scroll            |       |     6 |       ||     6
  Eat: Chunk             |    14 |    17 |       ||    31
Armor: Robe              |    18 |    69 |    13 ||   100
Dodge: Dodged            |    18 |    53 |    16 ||    87
Block: Shield            |    25 |    77 |    14 ||   116
